cohdb
Replays
Latest Replays
All Replays
Popular Replays
Top Player Replays
Match Explorer
How It Works
Community
CoH3 Stats
Reddit
Sign in to upload your games and track your stats! →
Sign in with Steam
Match 44250992
Unlisted
Match 44250992
Overview
Messages
Build Orders
End
Scout Squad
Selects Special Operations Battlegroup
Selects M29 Weasel Recon Vehicle
M29 Weasel Recon Vehicle
Engineer Squad
Construct Barracks
Riflemen Squad
Construct Medical Station
Construct Medical Station
Selects Raiding Flares
Riflemen Squad
Infantry Support Center
Engineer Squad
Construct Motor Pool
M8 Greyhound Armored Car
Selects SSF Commando Squad
M24 Chaffee Light Tank
SSF Commando Squad
Selects Mark Vehicle
Selects UNKNOWN (2162291)
M1 Anti-tank Gun Team
Construct Tank Depot
M4A1 Sherman Whizbang
SSF Commando Squad
Selects Air Re-supply Operation
M4A1 Sherman Medium Tank
Mark Vehicle
Construct Weapon Support Center
Improved M9 Bazooka Rockets
Mark Vehicle
M18 Hellcat Tank Destroyer
Advanced Logistics
Mark Vehicle
M18 Hellcat Tank Destroyer
M4A1 Sherman Medium Tank
Mark Vehicle
M18 Hellcat Tank Destroyer
Skeng.Tecnica.International
PaNiC
Symbiosis
*Mule
0
0
Comments
sign in to comment!
No comments posted yet!